 Dungeon Crawl Stone Soup version 0.29-a0-416-g83a48905f1 (console) character file.

Game seed: 14856863519800407693

3354 rednya the Cleaver (level 9, -9/63 HPs)
             Began as a Mummy Wanderer on May 17, 2022.
             Was an Initiate of Gozag.
             Mangled by an orc warrior
             ... wielding a +2 war axe of electrocution
              (18 damage)
             ... on level 8 of the Dungeon.
             The game lasted 00:18:28 (11370 turns).

rednya the Cleaver (Mummy Wanderer)                Turns: 11370, Time: 00:18:29

Health: -9/63      AC: 10    Str: 17    XL:     9   Next: 73%
Magic:  11/11      EV:  4    Int: 14    God:    Gozag
Gold:   469        SH:  4    Dex: 11    Spells: 9/10 levels left

rFire   . . .      SeeInvis .   m - +1 war axe (venom)
rCold   + + .      Faith    .   b - +0 buckler
rNeg    + + +      Spirit   .   e - +0 plate armour
rPois   ∞          Reflect  .   (no helmet)
rElec   .          Harm     .   (no cloak)
rCorr   .          Rampage  .   (no gloves)
Will    +....                   (no boots)
Stlth   ..........              (no amulet)
HPRegen 0.20/turn               n - ring of protection from fire
MPRegen 0.12/turn               t - ring of protection from cold

@: no status effects
A: cold resistance 1, negative energy resistance 3, torment resistance 2, heat
vulnerability 1, in touch with death 1, no potions
a: Renounce Religion, Potion Petition, Call Merchant, Bribe Branch


You were on level 8 of the Dungeon.
You worshipped Gozag.
Gozag was aware of your devotion.
You visited 2 branches of the dungeon, and saw 9 of its levels.

You collected 904 gold pieces.
You paid 435 gold pieces to Gozag.

Inventory:

Hand Weapons
 m - a +1 war axe of venom (weapon)
Missiles
 d - 35 poisoned darts
 j - 4 javelins (quivered)
Armour
 b - a +0 buckler (worn)
 e - a +0 plate armour (worn)
Jewellery
 n - a ring of protection from fire (left hand)
 t - a ring of protection from cold (right hand)
Wands
 q - a wand of iceblast (19)
Scrolls
 a - 4 scrolls of identify
 c - 6 scrolls of teleportation
 f - 2 scrolls of poison
 g - 2 scrolls of summoning
 i - 3 scrolls of enchant armour
 k - 3 scrolls of enchant weapon
 p - a scroll of fog
 s - 2 scrolls of fear
 v - 2 scrolls of brand weapon


   Skills:
 - Level 3.0 Fighting
 + Level 10.4 Axes
 - Level 2.4(2.5) Slings
 - Level 1.1(2.0) Throwing
 - Level 4.0 Shields
 - Level 1.3 Spellcasting
 - Level 2.4 Conjurations
 - Level 2.0 Evocations


You had 9 spell levels left.
You knew the following spells:

 Your Spells              Type           Power      Damage    Failure   Level
a - Foxfire               Conj/Fire      16%        2x1d4     100%        1

Your spell library contained the following spells:

 Spells                   Type           Power      Damage    Failure   Level
 Magic Dart               Conj           28%        1d4       100%        1
 Call Imp                 Summ           0%         N/A       100%        2
 Corpse Rot               Necr/Air       2%         N/A       100%        2
 Poisonous Vapours        Pois/Air       0%         N/A       100%        2
 Mephitic Cloud           Conj/Pois/Air  3%         N/A       100%        3
 Stone Arrow              Conj/Erth      8%         3d7       100%        3


Dungeon Overview and Level Annotations

Branches:
Dungeon (8/15)             Temple (1/1) D:4            Lair (0/6) D:8

Altars:
Cheibriados
Dithmenos
Elyvilon
Fedhas
Gozag
Kikubaaqudgha
Makhleb
Nemelex Xobeh
Okawaru
Qazlal
Ru
Sif Muna
Trog
Uskayaw
Vehumet
Wu Jian
Xom
Yredelemnul
Zin
The Shining One

Annotations:
D:6 3 runed translucent doors, trckry's ghost, novice HuSu


Innate Abilities, Weirdness & Mutations

You are immune to poison.
Your flesh is cold resistant. (rC+)
You are immune to negative energy. (rN+++)
You are immune to unholy pain and torment.
You are vulnerable to heat. (rF-)
You are in touch with the powers of death.
You do not drink.


Message History

The orc warrior is wielding a +2 war axe of electrocution.
The orc warrior shouts!
The orc barely misses you.
You slash the orc!
You kill the orc!
An orc comes into view. It is wielding a +0 hand axe.
Things that are here:
3 gold pieces; a +0 dagger; a +0 ring mail You closely miss the orc.
You barely miss the orc warrior. You slash the orc warrior!
The orc warrior is poisoned.
The orc warrior is moderately wounded.
The orc warrior completely misses you.
You hit the orc warrior.
The orc warrior looks as sick as possible!
The orc warrior is heavily wounded.
You block the orc warrior's attack.
You barely miss the orc warrior.
The orc warrior is heavily wounded.
The orc warrior hits you with a +2 war axe of electrocution!
You are electrocuted!
You closely miss the orc warrior.
The orc warrior is heavily wounded.
The orc warrior hits you with a +2 war axe of electrocution!
The orc warrior attacks as you move away!
The orc warrior hits you but does no damage.
The orc attacks as you move away! You block the orc's attack.
The orc warrior attacks as you move away!
The orc warrior hits you with a +2 war axe of electrocution!
* * * LOW HITPOINT WARNING * * *
The orc warrior attacks as you move away!
The orc warrior hits you with a +2 war axe of electrocution!
* * * LOW HITPOINT WARNING * * *
A killer bee comes into view.
The killer bee buzzes angrily.
The orc hits you but does no damage.
The orc warrior attacks as you move away!
The orc warrior hits you with a +2 war axe of electrocution!!
You die...
Your body crumbles into a pile of gold.

#.≈....#.............#.#.#
#####.≈....#.#......#....#.#.#
......≈....#..........#..#.###
≈≈≈≈≈≈≈..###.#.##.#...........
......oo..........########.###
##..#.#..#...#.#..########.###
.. #..#.#.............#<... #.
#..#o#....########...... #
...#.oo@.....>.....>....
####.#.#oy.##########.....
............+ .......'.....
.####.###...# ########..... ##
........ #..... ######...
#..... .... #..... ..# #.....
## #.....


You could see an orc warrior (very poisoned), a killer bee and 3 orcs.

Vanquished Creatures
  A troll (D:7)
  Sigmund (D:2)
  2 steam dragons (D:7)
  Menkaure (D:7)
  A water moccasin (D:6)
  2 sky beasts
  An ice beast (D:8)
  3 black bears
  2 kobold brigands
  3 bullfrogs
  2 necrophages
  2 scorpions
  9 wights
  A howler monkey (D:5)
  2 orc priests
  2 hounds (D:7)
  3 jellies
  Jessica (D:3)
  2 gnoll shamans
  An iguana (D:5)
  Natasha (thrice) (D:2)
  6 orc wizards
  6 gnolls
  10 adders
  2 ufetubi (D:4)
  A worm (D:3)
  21 orcs
  2 ball pythons
  4 bats
  7 endoplasms
  3 giant cockroaches
  10 goblins
  5 hobgoblins
  10 jackals
  4 quokkas
  5 frilled lizards
  12 kobolds
  5 rats
158 creatures vanquished.

Vanquished Creatures (collateral kills)
  A bullfrog (D:6)
  A jelly (D:6)
2 creatures vanquished.

Vanquished Creatures (others)
  A goblin (D:3)
  4 plants (D:6)
5 creatures vanquished.

Grand Total: 165 creatures vanquished

Notes
Turn   | Place    | Note
-------+----------+-------------------------------------------
     0 | D:1      | rednya the Mummy Wanderer began the quest for the Orb.
     0 | D:1      | rednya set off with the following items: a +0 vorpal
                  | hunting sling, a +0 buckler, a scroll of teleportation, a
                  | +0 robe; and the following spell memorised: Foxfire; and
                  | the following spells available to memorise: Stone Arrow
     0 | D:1      | Reached XP level 1. HP: 13/13 MP: 2/2
   305 | D:1      | Reached skill level 1 in Fighting
   477 | D:1      | Reached XP level 2. HP: 21/21 MP: 4/4
  1259 | D:2      | Noticed Natasha
  1398 | D:2      | Gained mutation: You are in touch with the powers of death.
                  | [Mummy growth]
  1398 | D:2      | Reached XP level 3. HP: 23/27 MP: 5/5
  1890 | D:3      | You fall into a shaft and drop 2 floors!
  1890 | D:5      | Entered Level 5 of the Dungeon
  1890 | D:5      | Found a snail-covered altar of Cheibriados.
  2034 | D:5      | Noticed a black bear
  2849 | D:4      | Reached XP level 4. HP: 31/33 MP: 6/6
  2888 | D:4      | Noticed a scorpion
  2892 | D:4      | Killed a scorpion
  2893 | D:4      | Reached skill level 1 in Axes
  2988 | D:5      | Reached skill level 1 in Throwing
  3090 | D:4      | Reached XP level 5. HP: 39/39 MP: 7/7
  3138 | D:5      | Reached skill level 2 in Axes
  3567 | D:3      | Noticed Jessica
  3577 | D:3      | Killed Jessica
  3589 | D:3      | Reached XP level 6. HP: 47/47 MP: 8/8
  4429 | D:2      | Killed Natasha
  4430 | D:2      | Reached skill level 3 in Axes
  4566 | D:2      | Noticed Sigmund
  4817 | D:2      | Noticed Natasha
  4822 | D:2      | Killed Natasha
  4843 | D:2      | Noticed Natasha
  4849 | D:2      | Killed Sigmund
  4850 | D:2      | Reached XP level 7. HP: 52/52 MP: 9/9
  4852 | D:2      | Killed Natasha
  4853 | D:2      | Reached skill level 4 in Axes
  4976 | D:4      | Found a staircase to the Ecumenical Temple.
  5078 | Temple   | Entered the Ecumenical Temple
  5257 | Temple   | Became a worshipper of Gozag Ym Sagoz the Greedy
  6023 | D:5      | Reached skill level 5 in Axes
  6515 | D:6      | Reached XP level 8. HP: 58/58 MP: 10/10
  6554 | D:6      | Reached skill level 6 in Axes
  7518 | D:6      | Reached skill level 7 in Axes
  7649 | D:6      | Found a runed translucent gate.
  7649 | D:6      | Found a runed translucent gate.
  7649 | D:6      | Found a runed translucent gate.
  7650 | D:6      | Noticed trckry's ghost (novice HuSu)
  8256 | D:7      | HP: 2/58 [wight/+2 battleaxe (14)]
  8262 | D:7      | Noticed Menkaure
  8263 | D:7      | HP: 1/58 [something (2)]
  8626 | D:6      | Reached skill level 8 in Axes
  8858 | D:7      | Killed Menkaure
  8859 | D:7      | Reached XP level 9. HP: 63/63 MP: 11/11
  8873 | D:7      | Noticed a troll
  9677 | D:7      | Reached skill level 9 in Axes
 10159 | D:7      | Killed a troll
 10567 | D:7      | Found a hide-covered altar of Uskayaw.
 10591 | D:7      | Reached skill level 10 in Axes
 10771 | D:7      | Found a hide-covered altar of Uskayaw.
 10867 | D:7      | HP: 2/63 [steam dragon (8)]
 11255 | D:8      | Found a staircase to the Lair.
 11370 | D:8      | Mangled by an orc warrior

Illustrated notes

Levels and vault maps discovered:
D:1:      dreamdust_arrival_sigmund_warning, layout_loops_cross, minivault_26
D:2:      layout_basic, dk_noncrumbling_2, minmay_crystal_room,
          grunt_decor_junction, uniq_sigmund, uniq_natasha
D:3:      layout_rooms, uniq_jessica
D:4:      nicolae_cairo_tiling_large, layout_basic,
          minmay_temple_entry_overgrown, chequers_serial_rivers_micro_e,
          minmay_fractal_squares_5
D:5:      layout_loops_corners, mainiacjoe_overflow_catch_the_wave
D:6:      layout_basic, gammafunk_ghost_necromancy, dk_vineyard_1,
          serial_bayou_ford_a, nicolae_concentric_dashed_squares_mild
D:7:      layout_cave_pools, hangedman_feature_mirror, uniq_menkaure
D:8:      layout_basic, nicolae_overflow_squiral, lair_entry_dummy,
          minmay_crossroads
Temple:   regret_index_temple_mists

Skill      XL: |  1  2  3  4  5  6  7  8  9 |
---------------+----------------------------+-----
Fighting       | 1 2 3 |  3.0
Shields        | 2 3 4 |  4.0
Axes           | 1 2 3 5 8 10 | 10.4
Throwing       | 1 |  1.1
Evocations     | 2 |  2.0
Slings         | |  2.4
Spellcasting   | |  1.3
Conjurations   | |  2.4

Action                   |  1- 3 |  4- 6 |  7- 9 || total
-------------------------+-------+-------+-------++-------
Melee: Short sword       |    83 |       |       ||    83
       War axe           |    19 |   144 |   312 ||   475
 Fire: Hunting sling     |    53 |       |       ||    53
Throw: Javelin           |     4 |     1 |     5 ||    10
Invok: Potion Petition   |       |       |     1 ||     1
Evoke: Wand              |       |     1 |     5 ||     6
  Use: Scroll            |       |       |    17 ||    17
 Stab: Distracted        |       |       |     1 ||     1
Armor: Scale mail        |     8 |       |       ||     8
       Chain mail        |    92 |    90 |    25 ||   207
       Swamp dragon scal |       |       |   103 ||   103
       Plate armour      |       |       |     9 ||     9
Dodge: Dodged            |    46 |    44 |   117 ||   207
Block: Buckler           |    33 |    34 |    52 ||   119

Table legend: (Time is in decaauts)
 A = Elapsed time spent in this place.
 B = Non-inter-level travel time spent in this place.
 C = Inter-level travel time spent in this place.
 D = Time resting spent in this place.
 E = Time spent auto-exploring this place.
 F = Levels seen in this place.
 G = Mean time per level.
                   A        B        C        D        E       F      G
               +--------+--------+--------+--------+--------+-----+--------+
         Total |  11651 |  10581 |   1070 |   4039 |   4149 |   9 | 1294.6 |
       Dungeon |  11402 |  10374 |   1028 |   4039 |   3961 |   8 | 1425.2 |
        Temple |    248 |    206 |     42 |      0 |    187 |   1 |  248.0 |
               +--------+--------+--------+--------+--------+-----+--------+

Top non-repeatable levels by time:
     D:6: 3029 daAuts
     D:5: 1972 daAuts
     D:7: 1579 daAuts
     D:1: 1384 daAuts
     D:4: 1260 daAuts
     D:2: 1194 daAuts
     D:3: 865 daAuts
  Temple: 248 daAuts
     D:8: 115 daAuts
